Map: Whitewater Line LE

Players

Azulike

  • Race: Terran Terran
  • League: Gold
  • Spawn Location: 7:00

drewishuge

  • Race: Protoss Protoss
  • League: Platinum
  • Spawn Location: 7:00

CHaSE

  • Race: Terran Terran
  • League: Diamond
  • Spawn Location: 6:00

Throwfordays - Winner!

  • Race: Zerg Zerg
  • League: Silver
  • Spawn Location: 1:00

Faust - Winner!

  • Race: Zerg Zerg
  • League: Diamond
  • Spawn Location: 1:00

Cthulhu - Winner!

  • Race: Protoss Protoss
  • Spawn Location: 12:00

VOD

Have the link to the VOD?

Description

Time

  • Played on: Feb. 11, 2019, 10:08 p.m.
  • Length: 21:35
Show
View Real Time Build Order
Export as new Build Order

Azulike Terran 

Build Orders:  

Get SALT Encoding   

  12  0:01  SCV  
  13  0:13  SCV  
  14  0:28  SCV  
  15  0:34  Supply Depot  
  15  0:45  Refinery  
  15  0:56  SCV  
  16  1:00  Barracks  
  16  1:24  SCV  
  17  1:39  SCV  
  18  1:46  Barracks  
  18  1:56  Barracks Reactor  
  18  2:04  Orbital Command  
  18  2:36  Command Center  
  18  2:39  Barracks Tech Lab  
  18  2:43  Factory  
  18  2:59  Supply Depot  
  18  3:12  Refinery  
  18  3:18  Marine x2  
  20  3:20  Marauder  
  22  3:29  Factory Reactor  
  22  3:35  Stimpack  
  22  3:43  SCV  
  22  3:46  Marine  
  24  3:55  Marine, SCV  
  26  4:01  Supply Depot  
  26  4:05  Marine  
  26  4:07  Marauder  
  29  4:16  Starport  
  29  4:22  Marine  
  30  4:37  Marine  
  26  4:40  Widow Mine  
  26  4:42  Marauder  
  28  4:45  SCV  
  28  4:56  Starport Reactor  
  28  4:57  SCV  
  29  5:09  SCV  
  29  5:12  Ghost Academy  
  30  5:21  Orbital Command  
  30  5:24  SCV  
  31  5:36  SCV  
  32  5:48  SCV  
  33  5:52  Liberator  
  33  5:53  Medivac  
  38  6:06  Starport  
  38  6:10  Personal Cloaking  
  38  6:13  SCV x2  
  40  6:23  Supply Depot  
  40  6:25  SCV x2  
  42  6:30  Factory Tech Lab  
  42  6:37  SCV x2  
  44  6:56  Ghost  
  46  7:04  SCV x2  
  48  7:10  Refinery  
  48  7:16  SCV  
  48  7:17  SCV  
  50  7:28  SCV  
  50  7:29  SCV, Barracks  
  52  7:49  SCV x2  
  54  8:02  Command Center  
  54  8:03  Ghost  
  56  8:34  Barracks Tech Lab  
  56  9:13  Nuke  
  56  9:23  Ghost x2  
  60  10:33  Ghost x2  
  64  11:00  Ghost Academy  
  64  11:01  Ghost x2  
  68  11:24  SCV x2  
  70  11:29  Orbital Command  
  70  11:32  Nuke  
  70  11:36  Nuke, SCV x2  
  72  11:42  Ghost x2  
  74  11:48  SCV  
  74  11:49  SCV  
  76  11:59  SCV  
  77  12:29  SCV x2  
  77  12:34  SCV  
  76  12:44  Ghost  
  76  12:47  Ghost  
  76  12:49  Barracks  
  74  13:12  Ghost  
  69  13:16  Ghost  
  73  13:41  Ghost  
  73  13:44  Ghost  
  77  14:56  Nuke  
  77  15:02  Nuke  
  77  15:18  Ghost  
  77  15:23  Ghost  
  73  15:46  Ghost  
  74  15:52  Ghost  
  66  16:15  Ghost  
  68  16:20  Ghost  
  70  16:41  Medivac x2  
  70  16:43  Ghost  
  75  16:49  Ghost  
  71  18:24  Nuke  
  62  19:46  Marine  
  62  20:01  Marine  
  62  20:18  Nuke  
  62  20:53  Ghost  
  62  21:02  Marine x2  
Show
View Real Time Build Order
Export as new Build Order

drewishuge Protoss 

Build Orders: Zealot Archon 

Get SALT Encoding   

  1  0:00  Probe  
  13  0:07  Probe  
  14  0:15  Probe  
  15  0:25  Pylon  
  15  0:44  Gateway  
  15  0:46  Assimilator  
  15  0:53  Pylon  
  15  0:59  Gateway, Probe  
  15  1:01  Pylon  
  16  1:17  Probe  
  17  1:32  Cybernetics Core  
  17  1:35  Assimilator  
  17  1:36  Probe  
  18  1:49  Probe  
  19  2:01  Probe  
  20  2:10  Probe  
  20  2:12  Twilight Council  
  21  2:19  Probe  
  22  2:33  Zealot  
  22  2:34  Zealot  
  26  2:40  Warp Gate  
  26  2:52  Templar Archives  
  26  2:54  Gateway, Probe  
  26  2:57  Pylon  
  27  3:28  High Templar x2  
  31  3:42  Zealot  
  31  3:47  Nexus  
  33  3:57  Charge  
  33  3:59  Pylon  
  33  4:13  Archon  
  33  4:25  Probe  
  33  4:29  High Templar  
  33  4:30  Zealot x2  
  40  4:37  Probe  
  41  4:46  Pylon  
  41  4:49  Probe  
  41  4:51  High Templar, Zealot  
  46  4:55  Probe  
  47  5:01  Probe  
  47  5:03  Probe  
  48  5:08  Archon  
  48  5:13  Probe  
  48  5:14  Probe  
  50  5:15  Zealot x2  
  55  5:23  Forge  
  55  5:26  Shield Battery  
  55  5:28  Gateway  
  55  5:32  Probe  
  56  5:37  Assimilator  
  56  5:40  Protoss Ground Weapons Level 1, Probe  
  56  5:41  Probe  
  57  5:46  High Templar x2  
  57  5:49  Zealot  
  64  5:51  Archon  
  64  5:53  Probe  
  65  5:58  Assimilator  
  65  6:14  Gateway  
  65  6:16  Gateway  
  65  6:19  Gateway  
  65  6:22  Probe  
  66  6:32  Robotics Facility  
  66  6:34  Probe  
  66  6:36  Zealot  
  69  6:41  Pylon  
  69  6:42  Pylon  
  69  7:00  High Templar x2  
  69  7:01  High Templar  
  75  7:09  Warp Prism  
  75  7:12  Archon  
  75  7:16  High Templar  
  79  7:28  Archon  
  79  7:34  Pylon  
  79  7:45  Nexus  
  79  7:47  Pylon  
  79  7:49  Pylon  
  79  7:53  Zealot  
  79  7:56  Protoss Ground Weapons Level 2  
  81  8:02  Zealot x5  
  81  8:03  Zealot  
  93  8:26  Warp Prism  
  95  8:39  High Templar x3, Zealot  
  95  8:40  Zealot x2  
  107  8:49  Archon  
  101  9:39  Psionic Storm  
  101  9:43  Zealot x4  
  101  9:44  Zealot x2  
  99  10:15  Protoss Ground Armor Level 1, Zealot  
  99  10:16  Zealot x3  
  99  10:17  Zealot  
  99  10:20  Zealot  
  111  10:37  High Templar x3  
  111  10:38  High Templar  
  111  10:40  Zealot x2  
  123  10:43  Archon  
  123  10:44  Archon  
  121  11:17  Stalker  
  121  11:18  Stalker  
  121  11:35  Probe  
  118  11:43  Probe  
  118  11:44  Stalker x3  
  124  11:50  Pylon  
  124  11:53  Pylon, Probe  
  123  11:54  Pylon  
  123  11:55  Pylon  
  123  11:57  Pylon  
  123  11:59  Pylon  
  124  12:05  Protoss Ground Weapons Level 3  
  118  12:14  Probe  
  118  12:18  Stargate  
  118  12:21  Stargate  
  118  12:22  Probe  
  119  12:24  Assimilator  
  120  12:31  Probe  
  121  12:39  Probe  
  121  12:40  Pylon  
  121  12:42  Pylon  
  122  12:49  Probe  
  123  13:01  Probe  
  123  13:04  Stalker x2  
  123  13:05  Stalker  
  126  13:06  Stalker  
  126  13:27  Zealot x4  
  126  13:28  Zealot  
  126  13:29  Zealot  
  114  13:53  Void Ray x2  
  96  13:57  Zealot x4  
  96  13:58  Zealot x2  
  84  14:31  Stalker  
  84  14:32  Stalker x4  
  79  14:51  Void Ray  
  79  14:53  Void Ray  
  79  14:59  Probe  
  80  15:11  Probe  
  80  15:12  Assimilator  
  81  15:21  High Templar x3  
  81  15:22  High Templar, Zealot x2  
  93  15:31  Void Ray  
  93  15:33  Void Ray  
  93  15:34  Archon x2  
  101  15:54  Shield Battery  
  101  15:56  Shield Battery  
  101  15:58  Shield Battery  
  101  15:59  Zealot  
  101  16:01  High Templar  
  105  16:18  High Templar  
  105  16:19  Zealot x2  
  105  16:20  Zealot x2  
  105  16:25  Pylon  
  113  16:59  Void Ray  
  112  17:08  Void Ray  
  118  17:25  Stalker x3  
  118  17:26  Stalker x2  
  118  17:28  Sentry  
  130  17:48  High Templar  
  130  17:49  High Templar x2  
  130  17:50  Zealot x2  
  130  17:51  Sentry  
  142  17:55  Archon  
  142  18:30  Stalker  
  142  18:31  Stalker x5  
  100  18:55  Stalker x3  
  98  18:56  Stalker x3  
  104  19:03  Void Ray  
  72  19:26  High Templar x3, Zealot  
  72  19:27  Zealot x2  
  82  19:32  Archon  
  82  19:39  Archon  
  76  19:51  Void Ray  
  76  19:52  Void Ray  
  82  20:22  Nexus  
  82  20:32  Stalker x3  
  82  20:34  Zealot x3  
  88  21:11  Assimilator  
  88  21:13  Assimilator  
  88  21:15  Stalker  
  88  21:16  Stalker x3  
Show
View Real Time Build Order
Export as new Build Order

CHaSE Terran 

Build Orders:  

Get SALT Encoding   

  12  0:01  SCV  
  13  0:13  SCV  
  14  0:24  Supply Depot  
  14  0:25  SCV  
  15  0:29  Refinery  
  15  0:45  SCV  
  15  0:48  Barracks  
  16  0:57  SCV  
  17  1:10  SCV  
  18  1:22  SCV  
  19  1:36  Orbital Command  
  19  1:37  Reaper  
  20  2:14  SCV  
  21  2:18  Command Center  
  21  2:19  Factory  
  21  2:27  SCV  
  22  2:31  Supply Depot  
  22  2:35  Refinery  
  22  2:41  Marine  
  23  2:59  SCV  
  23  3:03  Starport  
  23  3:04  Factory Tech Lab  
  24  3:09  Marine  
  24  3:12  SCV  
  26  3:24  SCV  
  27  3:35  Marine  
  27  3:41  Siege Tank, Starport Tech Lab  
  27  3:42  Orbital Command  
  27  3:45  SCV  
  31  3:57  SCV  
  32  4:09  SCV  
  33  4:10  Cloaking Field  
  33  4:11  Banshee  
  33  4:16  SCV  
  37  4:21  SCV  
  37  4:34  Siege Tank  
  38  4:42  Barracks Reactor  
  38  4:53  Supply Depot x2  
  38  5:02  Barracks  
  38  5:03  Barracks  
  38  5:14  Banshee, SCV x2  
  38  5:15  Supply Depot  
  38  5:17  Supply Depot  
  38  5:19  Engineering Bay x2  
  43  5:23  Command Center  
  43  5:27  SCV x2  
  45  5:35  Siege Tank  
  48  5:39  SCV x2  
  50  5:47  Missile Turret  
  50  5:49  Missile Turret  
  50  5:50  Missile Turret  
  50  5:51  SCV x2  
  50  5:55  Terran Infantry Weapons Level 1  
  52  5:57  Barracks Tech Lab  
  52  6:00  Barracks Tech Lab  
  52  6:03  SCV x2  
  54  6:06  Refinery  
  54  6:09  Missile Turret  
  54  6:12  Refinery  
  54  6:15  SCV  
  55  6:31  SCV  
  58  6:33  Marine x2, Marauder x2  
  59  6:48  SCV  
  60  6:55  Marine x2, Stimpack  
  60  6:58  SCV, Marauder x2  
  67  7:05  Starport Reactor  
  67  7:06  Armory  
  67  7:10  SCV  
  67  7:12  Marine  
  67  7:13  Marine  
  70  7:20  Barracks  
  70  7:21  Missile Turret  
  70  7:22  Barracks  
  70  7:25  Barracks  
  70  7:28  Marauder x2  
  70  7:29  Combat Shield  
  74  7:44  SCV x2  
  75  7:50  Terran Infantry Armor Level 1, Marauder  
  78  7:53  Terran Infantry Weapons Level 2  
  78  7:58  Marine x2, Marauder  
  82  8:11  Marauder  
  84  8:13  Barracks Reactor  
  84  8:15  Barracks Reactor  
  84  8:16  Marine  
  85  8:31  Supply Depot  
  85  8:34  Supply Depot x2  
  85  8:35  Supply Depot  
  85  8:41  Supply Depot  
  85  8:52  Marine x2, SCV  
  85  8:53  Marauder x2  
  92  8:55  Medivac, Siege Tank  
  92  8:56  Marauder  
  99  9:05  Marine  
  99  9:06  Marine x3  
  100  9:10  Marine x2  
  100  9:14  Marine, Marauder  
  100  9:17  Marine  
  105  9:23  Marine  
  105  9:24  Marine x2  
  108  9:28  Siege Tank  
  108  9:29  Marine  
  108  9:30  Marine x2  
  115  9:32  Marauder  
  117  9:48  Marine x4, Marauder x2  
  125  9:55  Orbital Command  
  125  10:20  Supply Depot  
  125  10:21  Supply Depot  
  125  10:41  Marine x3, Siege Tank, Marauder  
  125  10:42  Marine x3, Medivac  
  140  10:43  Marauder  
  140  10:46  Marauder  
  136  10:59  Marine x3  
  136  11:00  Marine x2  
  136  11:03  Viking  
  139  11:09  Marine x3  
  141  11:15  Marine  
  141  11:16  Supply Depot  
  141  11:17  Supply Depot  
  141  11:23  Marine  
  141  11:36  Marine x3  
  141  11:37  Viking x2, Siege Tank  
  146  11:41  Starport  
  134  11:48  SCV x2  
  124  12:01  Supply Depot  
  124  12:07  Viking x2  
  125  12:10  Siege Tank  
  118  12:37  Viking x2  
  118  12:39  Starport Reactor  
  116  12:49  Marine x3  
  104  13:07  Viking x2  
  92  13:26  Viking x2  
  92  13:27  Terran Ship Weapons Level 1  
  92  13:28  Terran Infantry Armor Level 2, Terran Infantry Weapons Level 3  
  85  13:37  Viking x2  
  54  13:58  Refinery  
  54  13:59  Refinery  
  53  14:13  Command Center  
  47  14:19  Command Center  
  37  14:27  Marine x4, Marauder x3  
  43  14:44  Marine  
  43  14:45  Marine x3  
  42  14:47  Marine  
  43  14:58  Barracks  
  43  15:03  Starport  
  43  15:06  Starport  
  43  15:10  Marine x4, Marauder x3  
  53  15:20  Starport  
  53  15:25  Orbital Command  
  53  15:28  Marine x4  
  54  15:30  Orbital Command  
  54  15:31  Marine x3  
  54  15:33  SCV, Orbital Command  
  61  15:44  Viking x2  
  61  15:45  SCV  
  61  15:46  Marine  
  67  15:58  SCV x3  
  70  16:10  SCV x2  
  72  16:12  Viking  
  73  16:23  SCV  
  73  16:24  Viking x2  
  76  16:27  Marine x2  
  76  17:00  Viking x2  
  76  17:01  Viking x2  
  84  17:10  SCV  
  84  17:12  Refinery  
  84  17:15  Refinery  
  86  17:22  SCV  
  82  17:30  Viking  
  64  18:37  Marine  
  64  18:38  Marine  
  64  18:39  Marine x2  
  64  18:41  Marine  
  64  18:44  Marine  
  64  18:45  Marine  
  57  18:55  Marine  
  44  18:56  Marine  
  44  18:58  Marine  
  44  19:01  Marine  
  28  19:15  Marine x3, Marauder x2  
  28  19:16  Marine  
  36  19:19  Marine, Command Center  
  32  19:31  Command Center  
  22  19:32  Marine  
  22  19:33  Marine x2  
  22  19:34  Marine  
  22  19:36  Marine x2  
  22  19:37  Marine  
  29  19:50  Marine  
  29  19:51  Marine x2  
  29  19:52  Marine  
  33  19:54  Marine, Marauder  
  33  19:55  Marine  
  22  20:08  Marine x3  
  22  20:10  Marine  
  22  20:11  Marine  
  22  20:13  Marine  
  27  20:15  Marine  
  28  20:26  Marine  
  29  20:29  Marine x4  
  29  20:30  Marine  
  29  20:32  Medivac  
  29  20:33  Marine, Medivac x2  
  41  20:37  Orbital Command  
  41  20:42  Orbital Command  
  41  20:44  Marine  
  41  20:47  Marine x4  
  41  20:57  Marine  
  41  20:58  Marine  
  41  21:02  Marine  
  44  21:05  Marine x4  
  48  21:15  Marine x2  
Show
View Real Time Build Order
Export as new Build Order

Throwfordays Zerg - Winner!

Build Orders: Hatch First 

Get SALT Encoding   

  12  0:01  Drone  
  13  0:10  Drone  
  14  0:27  Extractor  
  14  0:28  Drone  
  14  0:30  Overlord  
  15  0:53  Drone  
  15  0:56  Drone  
  17  1:02  Hatchery  
  16  1:06  Drone  
  17  1:13  Spawning Pool  
  17  1:16  Extractor  
  15  1:21  Drone  
  16  1:34  Drone  
  17  1:44  Drone x2  
  19  1:57  Overlord  
  19  2:01  Drone  
  20  2:03  Queen  
  22  2:18  Metabolic Boost  
  22  2:22  Zergling x4  
  24  2:28  Queen  
  26  2:30  Drone x2  
  28  2:39  Zergling x2  
  29  2:54  Drone x2  
  31  3:00  Zergling x2  
  31  3:01  Zergling x2  
  33  3:12  Zergling x4  
  35  3:13  Zergling x2  
  35  3:16  Overlord x2  
  36  3:39  Drone x3  
  39  3:42  Drone x2  
  39  3:46  Drone x3  
  44  4:05  Drone x2  
  44  4:06  Drone x2  
  44  4:08  Extractor  
  47  4:10  Extractor  
  47  4:12  Extractor  
  47  4:14  Drone x3  
  48  4:28  Drone  
  45  4:46  Drone x3  
  45  4:48  Drone  
  45  4:52  Drone x4  
  52  4:58  Lair  
  52  5:00  Pneumatized Carapace  
  52  5:05  Overlord x3  
  52  5:09  Overlord x2  
  52  5:17  Evolution Chamber  
  51  5:28  Drone x2  
  53  5:31  Drone x2  
  55  5:42  Zergling x2  
  56  5:52  Evolution Chamber  
  56  5:54  Roach Warren  
  56  5:55  Drone x2  
  57  5:57  Zergling x2  
  57  6:15  Spire, Hydralisk Den  
  55  6:18  Infestation Pit  
  55  6:19  Spire  
  55  6:21  Zergling x10  
  57  6:34  Overseer  
  57  6:36  Overseer  
  57  6:37  Glial Reconstitution  
  57  6:40  Zerg Missile Weapons Level 1  
  57  6:41  Zerg Ground Armor Level 1  
  57  6:54  Hydralisk x3  
  57  6:56  Hydralisk x4  
  71  7:03  Hydralisk  
  71  7:07  Drone x3  
  76  7:17  Grooved Spines  
  76  7:56  Tunneling Claws  
  76  8:18  Mutalisk x5  
  86  8:24  Zergling x8  
  86  8:25  Zergling x2  
  91  8:28  Muscular Augments, Overlord  
  61  9:29  Roach x5  
  61  9:30  Roach x4  
  79  9:33  Roach x5  
  79  9:34  Roach  
  79  9:37  Zerg Missile Weapons Level 2  
  91  9:38  Zerg Ground Armor Level 2  
  91  9:40  Zerg Flyer Weapons Level 1  
  91  9:42  Zerg Flyer Armor Level 1  
  100  11:08  Burrow  
  100  11:44  Overlord x6  
  100  11:51  Hatchery  
  99  11:55  Overlord x6  
  99  11:59  Zerg Flyer Weapons Level 2  
  99  12:00  Zerg Flyer Armor Level 2  
  99  12:02  Hive  
  99  12:21  Zerg Melee Weapons Level 1  
  93  13:23  Roach x6  
  93  13:24  Roach  
  107  13:28  Roach x6  
  107  13:29  Roach x2  
  123  13:35  Zerg Missile Weapons Level 3  
  85  14:01  Roach x2  
  85  14:02  Roach  
  79  14:05  Roach x5  
  79  14:06  Roach  
  77  14:12  Roach x2  
  77  14:13  Roach  
  77  14:15  Zerg Ground Armor Level 3  
  79  14:28  Roach  
  73  14:31  Roach  
  73  14:32  Roach  
  69  14:43  Roach x4  
  69  14:44  Queen  
  75  14:49  Roach  
  75  14:50  Roach x3  
  83  15:08  Roach x2  
  87  15:14  Hatchery  
  86  15:24  Roach x3  
  92  15:33  Roach  
  92  15:34  Roach x3  
  100  15:36  Roach  
  102  15:43  Extractor  
  102  15:47  Adrenal Glands  
  101  15:54  Extractor  
  100  15:58  Roach x2  
  100  15:59  Roach x2  
  100  16:03  Roach x2  
  112  16:11  Roach x4  
  120  16:12  Zerg Melee Weapons Level 2  
  120  16:13  Roach  
  120  16:14  Roach  
  124  16:24  Hydralisk  
  126  16:27  Hydralisk  
  126  16:28  Hydralisk  
  130  16:33  Hydralisk  
  130  16:34  Hydralisk x2  
  130  16:39  Hydralisk x3  
  136  16:42  Hydralisk  
  136  16:45  Hydralisk  
  146  16:51  Queen  
  146  16:53  Hydralisk x3  
  154  17:01  Hydralisk x5  
  154  17:05  Hydralisk  
  66  18:49  Hydralisk x4  
  66  18:51  Hydralisk x3  
  70  18:56  Hydralisk x3  
  75  19:04  Hydralisk  
  75  19:06  Hydralisk  
  75  19:07  Hydralisk  
  81  19:19  Hydralisk x4  
  81  19:23  Hydralisk x2  
  81  19:24  Hydralisk x2  
  91  20:08  Hydralisk x5  
  91  20:12  Hydralisk x5  
  111  20:33  Hatchery  
Show
View Real Time Build Order
Export as new Build Order

Faust Zerg - Winner!

Build Orders: Hatch First, Brood Lord Corruptor 

Get SALT Encoding   

  12  0:02  Drone  
  13  0:11  Drone  
  14  0:16  Extractor  
  14  0:17  Drone  
  15  0:24  Overlord  
  15  0:43  Drone x2  
  17  0:58  Drone  
  17  1:00  Hatchery  
  17  1:01  Extractor  
  17  1:03  Drone  
  17  1:18  Spawning Pool  
  16  1:25  Drone  
  17  1:28  Drone  
  18  1:34  Drone  
  19  1:40  Overlord  
  19  2:05  Queen  
  21  2:11  Metabolic Boost  
  21  2:13  Zergling x8  
  25  2:21  Queen  
  27  2:27  Drone x2  
  29  2:34  Baneling Nest  
  28  2:47  Drone x4  
  32  2:57  Drone x2  
  34  3:06  Drone  
  35  3:16  Zergling x2  
  36  3:20  Overlord  
  36  3:21  Overlord  
  36  3:37  Baneling x5  
  36  3:38  Baneling x2  
  36  3:39  Zergling x6  
  36  3:41  Zergling x10  
  44  3:52  Drone  
  45  4:02  Drone x4  
  49  4:03  Drone  
  50  4:16  Hatchery  
  37  4:53  Extractor, Roach Warren  
  37  4:54  Drone x3  
  37  4:55  Extractor, Drone x3  
  37  4:57  Spore Crawler  
  39  5:03  Lair  
  39  5:04  Drone  
  39  5:05  Extractor, Drone x2  
  39  5:06  Overlord x3  
  41  5:14  Spine Crawler  
  41  5:16  Spine Crawler  
  38  5:28  Queen  
  40  5:32  Spore Crawler  
  39  5:36  Spore Crawler  
  39  5:40  Spore Crawler  
  37  5:46  Drone x5  
  37  5:47  Drone x2  
  37  5:48  Drone x2  
  46  5:55  Drone  
  46  6:04  Spore Crawler  
  46  6:10  Overseer  
  45  6:17  Drone x5  
  45  6:18  Drone x2  
  47  6:27  Queen  
  45  6:36  Spore Crawler  
  44  6:51  Drone  
  44  6:52  Drone x6  
  50  6:54  Queen x2  
  50  7:00  Infestation Pit  
  53  7:05  Drone x2  
  55  7:15  Drone x4  
  56  7:16  Drone  
  60  7:30  Spore Crawler  
  59  7:37  Drone  
  59  7:38  Drone x2  
  59  7:42  Drone x6  
  59  7:44  Hive  
  68  7:51  Drone, Overlord  
  69  7:52  Overlord, Spire  
  69  7:57  Extractor  
  67  7:58  Extractor  
  66  8:11  Drone x4  
  66  8:12  Drone x2  
  72  8:32  Overlord  
  72  8:33  Overlord x3  
  72  8:38  Drone x3  
  72  8:39  Drone  
  72  8:40  Drone  
  77  9:08  Corruptor x3  
  77  9:09  Corruptor x5  
  86  9:10  Corruptor x3  
  86  9:12  Greater Spire  
  69  9:36  Spine Crawler  
  68  10:08  Queen  
  70  10:14  Queen  
  72  10:34  Brood Lord  
  72  10:35  Brood Lord x10  
  94  10:36  Corruptor x3  
  94  10:41  Drone  
  101  10:51  Corruptor x2, Drone  
  106  11:14  Corruptor x2  
  110  11:20  Drone  
  110  11:21  Extractor, Drone x2  
  112  11:27  Hatchery  
  111  11:50  Drone  
  111  11:51  Drone x4  
  116  11:56  Overlord  
  116  12:16  Drone  
  116  12:17  Drone x3  
  88  12:56  Brood Lord  
  88  12:57  Brood Lord  
  84  13:29  Corruptor x5  
  84  13:30  Corruptor x5  
  84  13:33  Queen  
  96  14:19  Corruptor  
  96  14:20  Corruptor x5  
  102  14:27  Brood Lord  
  97  14:31  Drone  
  97  14:32  Drone  
  90  14:39  Brood Lord x8  
  90  14:42  Corruptor x3, Brood Lord  
  90  14:43  Corruptor  
  101  14:46  Zerg Flyer Weapons Level 1  
  93  14:53  Evolution Chamber x2  
  93  14:55  Drone x2  
  93  14:58  Queen  
  95  15:16  Drone x5  
  95  15:17  Drone  
  101  15:22  Hatchery  
  100  15:39  Drone x4  
  104  15:47  Drone  
  105  16:07  Corruptor x2  
  105  16:08  Corruptor  
  111  16:31  Overlord x2  
  111  16:32  Overlord  
  111  16:39  Zerg Melee Weapons Level 1  
  111  16:50  Overlord  
  111  17:15  Drone  
  111  17:16  Drone x6  
  111  17:18  Extractor, Drone x2  
  111  17:20  Extractor  
  111  17:21  Drone  
  119  18:06  Queen, Drone x3  
  124  18:13  Overseer  
  124  18:14  Pneumatized Carapace  
  124  18:18  Hatchery  
  97  19:03  Corruptor x2  
  97  19:04  Corruptor x5  
  95  19:19  Corruptor x2  
  99  19:47  Corruptor x3  
  105  19:57  Brood Lord  
  99  20:04  Brood Lord  
  101  20:27  Drone  
  101  20:28  Drone x3  
  104  20:29  Extractor, Hatchery  
  103  20:44  Drone x4  
  103  20:45  Drone  
  103  20:48  Extractor  
  103  20:49  Extractor  
  106  21:03  Spore Crawler  
  105  21:07  Drone x2  
  105  21:08  Drone x4  
Show
View Real Time Build Order
Export as new Build Order

Cthulhu Protoss - Winner!

Build Orders:  

Get SALT Encoding   

  12  0:00  Probe  
  13  0:08  Probe  
  14  0:24  Pylon  
  14  0:25  Probe  
  15  0:44  Forge  
  15  0:46  Probe  
  16  0:58  Probe  
  16  1:03  Pylon  
  17  1:11  Probe  
  18  1:23  Probe  
  19  1:35  Assimilator  
  19  1:40  Assimilator, Gateway  
  19  1:43  Photon Cannon  
  19  1:47  Photon Cannon  
  19  2:06  Photon Cannon  
  18  2:23  Probe  
  18  2:29  Nexus  
  19  2:34  Photon Cannon  
  19  2:43  Pylon  
  19  2:45  Probe  
  20  2:57  Probe  
  21  3:11  Pylon  
  21  3:17  Photon Cannon  
  19  3:37  Protoss Shields Level 1  
  19  3:41  Probe x2  
  19  3:46  Zealot  
  23  3:53  Probe  
  24  3:59  Probe  
  25  4:05  Photon Cannon  
  25  4:08  Photon Cannon, Probe  
  25  4:11  Probe  
  25  4:17  Probe  
  27  4:19  Probe  
  29  4:28  Probe  
  30  4:38  Probe  
  30  4:40  Probe  
  32  4:55  Assimilator  
  32  5:00  Assimilator  
  32  5:14  Pylon  
  32  5:21  Gateway  
  32  5:24  Protoss Ground Weapons Level 1, Probe  
  32  5:25  Probe  
  34  5:37  Probe x2  
  34  5:38  Pylon  
  34  5:41  Pylon  
  36  6:01  Cybernetics Core  
  36  6:03  Gateway  
  36  6:04  Gateway  
  36  6:07  Pylon  
  36  6:13  Zealot x2  
  40  6:44  Nexus  
  40  7:00  Assimilator, Pylon  
  40  7:06  Assimilator  
  40  7:09  Warp Gate  
  40  7:14  Pylon  
  40  7:21  Probe  
  40  7:22  Probe  
  42  7:33  Probe  
  42  7:34  Probe  
  42  7:36  Twilight Council  
  44  7:44  Robotics Facility  
  44  7:45  Robotics Facility  
  44  7:47  Probe x2  
  46  7:56  Photon Cannon  
  46  7:58  Photon Cannon  
  46  7:59  Probe  
  47  8:14  Blink, Probe  
  47  8:15  Probe x2  
  47  8:16  Stalker  
  52  8:22  Nexus  
  52  8:30  Photon Cannon  
  52  8:31  Photon Cannon  
  52  8:34  Photon Cannon  
  52  8:38  Pylon  
  52  8:39  Pylon  
  52  8:43  Probe x3  
  55  8:55  Observer, Probe  
  56  8:58  Observer  
  58  9:06  Templar Archives  
  58  9:08  Pylon  
  58  9:34  Photon Cannon  
  58  9:35  Photon Cannon  
  58  9:36  Photon Cannon  
  58  9:37  Photon Cannon  
  58  9:39  Stalker x2  
  58  9:40  Stalker  
  58  9:41  Stalker  
  58  9:43  Photon Cannon  
  66  9:46  Shield Battery  
  66  9:57  Shield Battery  
  60  10:10  Immortal x2  
  55  11:16  Photon Cannon  
  55  11:17  Photon Cannon  
  53  11:18  Photon Cannon  
  53  11:21  Photon Cannon  
  53  11:51  Pylon  
  53  11:54  Assimilator  
  53  11:57  Pylon  
  54  12:01  Pylon  
  53  12:13  Observer  
  52  12:25  Photon Cannon  
  52  12:27  Photon Cannon  
  52  12:31  Photon Cannon  
  50  13:10  Stalker x4  
  56  13:32  Assimilator, Pylon  
  56  13:49  Stalker  
  56  13:50  Stalker x3  
  47  14:08  Pylon  
  47  14:11  Stalker  
  47  14:12  Stalker x2  
  45  14:27  Pylon  
  25  14:43  Stalker x3  
  31  15:05  Probe  
  32  15:16  Nexus  
  32  15:17  Probe  
  33  15:33  Probe x2  
  35  15:40  Charge  
  35  15:41  Psionic Storm  
  35  15:43  High Templar x2  
  35  15:45  Probe x2  
  41  16:23  Pylon  
  41  16:29  Robotics Bay  
  41  16:30  Pylon  
  31  17:41  Gravitic Boosters  
  31  18:01  Stalker x2  
  35  18:06  Stalker  
  35  18:44  High Templar x3  
  37  19:45  Photon Cannon  
  37  19:49  Photon Cannon  
  37  19:52  Photon Cannon  
  37  20:02  Stalker x2  
  37  20:03  Stalker  
  43  20:08  Colossus  
  49  20:34  Nexus  
  34  21:26  Pylon  
Tags
 
Add a new tag
Caveats
  • Supply blocks, unpowered buildings, or Contaminate may cause inaccurate times.
  • Supply counts are checked every 10 seconds.